 Dungeon Crawl Stone Soup version 0.25-a0-253-g6f1b5d974a (webtiles) character file.

Game seed: 8018738417932046922, levelgen mode: classic

212 Borgoz the Slasher (level 5, 0/47 HPs)
             Began as a Hill Orc Monk on Dec 5, 2019.
             Slain by an orc
             ... wielding a +0 club
              (4 damage)
             ... on level 4 of the Dungeon.
             The game lasted 00:03:39 (3303 turns).

Borgoz the Slasher (Hill Orc Monk)                  Turns: 3303, Time: 00:03:40

Health: 0/47       AC:  3    Str: 15    XL:     5   Next: 89%
Magic:  5/5        EV: 13    Int: 10    God:
Gold:   180        SH:  0    Dex: 13    Spells: 4/4 levels left

rFire    . . .     SeeInvis .   a - +0 falchion
rCold    . . .     Gourm    .   (no shield)
rNeg     . . .     Faith    .   l - +0 animal skin
rPois    .         Spirit   .   m - +0 helmet
rElec    .         Reflect  .   (no cloak)
rCorr    .         Harm     .   (no gloves)
MR       .....                  (no boots)
Stlth    ++........             (no amulet)
HPRegen  0.15/turn              (no ring)
MPRegen  0.09/turn              (no ring)

@: no status effects
A: no striking features
a: no special abilities


You were on level 4 of the Dungeon.
You were not hungry.

You visited 1 branch of the dungeon, and saw 4 of its levels.

You collected 180 gold pieces.

Inventory:

Hand Weapons
 a - a +0 falchion (weapon)
Armour
 l - a +0 animal skin (worn)
 m - a +0 helmet (worn)
Wands
 k - a wand of flame (14)
Scrolls
 d - 3 scrolls of identify {unknown}
 f - 2 scrolls of amnesia {unknown}
 h - a scroll of random uselessness {unknown}
 i - 2 scrolls of remove curse {unknown}
 j - a scroll of blinking {unknown}
 n - a scroll of enchant armour {unknown}
Potions
 e - a potion of flight
Comestibles
 b - 2 chunks of flesh
 c - 5 rations


   Skills:
 + Level 4.6 Fighting
 * Level 4.8 Long Blades
 * Level 3.1 Armour
 + Level 3.0 Dodging
 - Level 1.5 Stealth


You had 4 spell levels left.
You didn't know any spells.
Your spell library was empty.

Dungeon Overview and Level Annotations

Branches:
Dungeon (4/15)             Temple (0/1) D:4

Altars:


Message History

You slash the centaur skeleton!
The centaur skeleton is almost destroyed.
The centaur skeleton hits you.
* * * LOW HITPOINT WARNING * * *
You slash the centaur skeleton!
You destroy the centaur skeleton!
An orc comes into view. It is wielding a +0 club.
The orc shouts!
You hear a shout! x3
You see here a worker ant corpse.
You butcher the worker ant corpse.
b - 3 chunks of flesh Eat one of 3 chunks of flesh? (ye/n/q)
You eat one of the 3 chunks of flesh.
This raw flesh tastes terrible.
An orc comes into view. It is wielding a +0 hand axe.
A giant cockroach comes into view.
An orc priest comes into view.
The orc completely misses you.
The giant cockroach moves out of view.
The orc hits you with a +0 club.
* * * LOW HITPOINT WARNING * * *
You closely miss the orc. The orc hits you with a +0 club.
You die...

#..... .....
#..... ..⌠...
.#[....###......
.......).....(>.o
.......<.#.......
.........#..⌠...⌠
................
..$.....o#.....
........@##.##.##
##+#####.........
##########


You could see an orc.

Vanquished Creatures
  A centaur skeleton (D:4)
  An orc priest (D:3)
  Terence (D:2)
  A worker ant (D:4)
  Robin (D:2)
  2 oozes
  A dart slug (D:2)
  3 leopard geckos
  3 orcs (D:3)
  2 giant cockroaches
  16 goblins
  5 hobgoblins
  8 jackals
  5 kobolds
  A quokka (D:2)
  2 ball pythons (D:1)
  6 bats
  7 frilled lizards
  9 rats
75 creatures vanquished.

Notes
Turn   | Place    | Note
-------+----------+-------------------------------------------
     0 | D:1      | Borgoz the Hill Orc Monk began the quest for the Orb.
     0 | D:1      | Reached XP level 1. HP: 19/19 MP: 1/1
   345 | D:1      | Reached XP level 2. HP: 20/27 MP: 2/2
   425 | D:1      | Reached skill level 1 in Armour
   478 | D:1      | Reached XP level 3. HP: 16/33 MP: 3/3
  1564 | D:2      | Noticed Robin
  1588 | D:2      | Reached XP level 4. HP: 25/40 MP: 4/4
  1605 | D:2      | Killed Robin
  1908 | D:2      | Noticed Terence
  1927 | D:2      | Killed Terence
  2486 | D:3      | Reached XP level 5. HP: 47/47 MP: 5/5
  3245 | D:4      | Found a staircase to the Ecumenical Temple.
  3303 | D:4      | Slain by an orc

Levels and vault maps discovered:
D:1:      minmay_arrival_plants_in_alcoves, layout_basic
D:2:      layout_basic, first_ration, minmay_misc_feat_enclosed, uniq_robin,
          uniq_terence
D:3:      layout_loops_ring, chequers_garden
D:4:      layout_basic, minmay_temple_entry_large_hall, kennysheep_windowed_goal

Skill      XL: |  1  2  3  4  5 |
---------------+----------------+-----
Armour         | 1 2 3 |  3.1
Fighting       | 4 |  4.6
Long Blades    | 4 |  4.8
Dodging        | 3 |  3.0
Stealth        | |  1.5

Action                   |  1- 3 |  4- 6 || total
-------------------------+-------+-------++-------
Melee: Falchion          |   129 |   100 ||   229
  Use: Potion            |       |     4 ||     4
 Stab: Sleeping          |     5 |     2 ||     7
  Eat: Chunk             |     2 |     6 ||     8
Armor: Robe              |    17 |     2 ||    19
       Animal skin       |       |    14 ||    14
       Skin              |       |     9 ||     9
Dodge: Dodged            |   100 |    69 ||   169
       Rpst.: Falchion   |    25 |    21 ||    46

Table legend:
 A = Non-vault XP
 B = Vault XP
 C = Vault XP percentage of total XP
 D = Non-vault monster count
 E = Vault monster count
 F = Vault count percentage of total count
                 A         B        C        D         E       F
            +---------+---------+-------+---------+---------+-------
      Total |     233 |      70 |  23.1 |      63 |      12 |  16.0
            +---------+---------+-------+---------+---------+-------
        D:1 |      55 |       0 |   0.0 |      33 |       0 |   0.0
        D:2 |      30 |      70 |  70.0 |      13 |      12 |  48.0
        D:3 |      74 |       0 |   0.0 |      15 |       0 |   0.0
        D:4 |      74 |       0 |   0.0 |       2 |       0 |   0.0
            +---------+---------+-------+---------+---------+-------
